 Dungeon Crawl Stone Soup version 0.30.0 (webtiles) character file.

Game seed: 3900767367661355917

85 Zahlis the Cudgeller (level 5, -1/46 HPs)
             Began as a Meteoran Cinder Acolyte on Oct 30, 2023.
             Was a High Priest of Ignis.
             Slain by a gnoll
             ... wielding a +0 spear
              (3 damage)
             ... on level 3 of the Dungeon.
             The game lasted 00:10:16 (1209 turns).

Zahlis the Cudgeller (Meteoran Cinder Acolyte)      Turns: 1209, Time: 00:10:16

Health: -1/46      AC: 10    Str: 16    XL:     5   Next: 5%
Magic:  8/8        EV: 12    Int: 21    God:    Ignis [*****.]
Gold:   77         SH:  5    Dex: 11    Spells: 6/6 levels left

rFire   + . .        a - -1 mace (flame)
rCold   . . .        (no shield)
rNeg    . . .        b - +0 robe
rPois   .            (no helmet)
rElec   .            (no cloak)
rCorr   .            g - +0 pair of gloves
SInv    .            (no boots)
Will    .....        c - amulet of reflection
Stlth   +            f - +6 ring of intelligence
HPRegen 0.27/turn    (no ring)
MPRegen 0.11/turn

%: reflection
@: fiery-armoured, hasted, glowing, invisible (but backlit and visible), very
quick
A: sense surroundings 1, otherworldly, glowing, explore regen
a: Renounce Religion, Fiery Armour, Foxfire Swarm, Rising Flame


You were on level 3 of the Dungeon.
You worshipped Ignis.
Ignis was extremely pleased with you.
You visited 1 branch of the dungeon, and saw 3 of its levels.

You collected 77 gold pieces.

Inventory:

Hand Weapons
 a - a -1 mace of flaming (weapon)
Armour
 b - a +0 robe (worn)
 e - a +0 chain mail
 g - a +0 pair of gloves (worn)
Jewellery
 c - an amulet of reflection (around neck)
 f - a +6 ring of intelligence (left hand)
Scrolls
 d - 2 scrolls of magic mapping {unknown}
 h - a scroll of enchant armour {unknown}
 k - 2 scrolls of blinking {unknown}
Potions
 j - a potion of flight {unknown}


   Skills:
 + Level 3.8 Fighting
 + Level 5.0 Maces & Flails
 + Level 2.0 Dodging
 + Level 0.4 Shields
 + Level 1.3 Spellcasting
 + Level 4.4 Fire Magic


You had 6 spell levels left.
You didn't know any spells.
Your spell library contained the following spells:

 Spells                   Type           Power      Damage    Failure   Level
 Scorch                   Fire           40%        2d7       3%          2


Dungeon Overview and Level Annotations

Branches:
Dungeon (3/15) Zot: 571

Altars:
Ru


Innate Abilities, Weirdness & Mutations

You passively map a small area around you.
You are easily found by Zot.
You glow in the dark.
You regain HP and MP as you explore.


Message History

The gnoll is almost dead.
The gnoll completely misses you. The gnoll hits you with a +0 spear.
* * * LOW HITPOINT WARNING * * *
The gnoll is burned by your cloak of flames.
The gnoll is heavily wounded.
You closely miss the gnoll.
The gnoll is heavily wounded.
You block the gnoll's attack. The gnoll barely misses you.
The gnoll hits you but does no damage.
The gnoll is burned by your cloak of flames.
The gnoll is almost dead.
You hit the gnoll. You burn the gnoll.
You kill the gnoll!
The gnoll barely misses you. The gnoll hits you but does no damage.
The gnoll is burned by your cloak of flames.
The gnoll is heavily wounded.
You are too injured to fight recklessly!
You are too injured to fight recklessly!
You are too injured to fight recklessly!
You barely miss the gnoll.
The gnoll is almost dead.
The gnoll misses you. The gnoll closely misses you.
The gnoll hits you with a +0 club.
* * * LOW HITPOINT WARNING * * *
The gnoll is burned by your cloak of flames.
The gnoll is almost dead.
It was a potion of haste.
You feel yourself speed up. The rat closely misses you.
The gnoll barely misses you. The gnoll hits you with a +0 spear.
* * * LOW HITPOINT WARNING * * *
The gnoll is burned by your cloak of flames.
You kill the gnoll!
The gnoll barely misses you.
Your Dodging skill increases to level 2!
You have reached level 5!
It was a potion of invisibility.
You become transparent, but the glow from your body prevents you from becoming completely invisible.
You block the rat's attack. The gnoll barely misses you.
The gnoll hits you from afar with a +0 spear.
You die...

.....# , * ..##.. *
*..## ..### ## * ...#
..#.., . ... ,....#
..#.# #.#..# ....# ..#.#
# #.#..# ..#'#* ..#.#
#.#..>.####g...##
..#.####.###..##)r......
................@g.#,
...............?†#.#,,
###.#.##.........#.# *,
......##..##..##...... *
###.#.##...........#..*
,, #..........^##...#,,
* * ###.##.............
* *#.....#.#......... ,
,,,####)........##...


You could see 2 gnolls and a rat.

Vanquished Creatures
  2 gnolls (D:3)
  2 adders (D:2)
  A worm (D:2)
  A dart slug (D:2)
  An orc (D:3)
  2 ball pythons
  3 endoplasms
  3 giant cockroaches
  3 hobgoblins
  4 quokkas
  2 bats
  3 frilled lizards
  4 goblins
  6 kobolds
  4 rats
41 creatures vanquished.

Notes
Turn   | Place    | Note
-------+----------+-------------------------------------------
     0 | D:1      | Zahlis the Meteoran Cinder Acolyte began the quest for the
                  | Orb.
     0 | D:1      | Reached XP level 1. HP: 19/19 MP: 3/3
   186 | D:1      | Reached XP level 2. HP: 25/26 MP: 5/5
   493 | D:1      | Glimpsed the power of Zot.
   566 | D:2      | Reached XP level 3. HP: 29/31 MP: 6/6
   637 | D:2      | Reached skill level 1 in Dodging
   919 | D:2      | Reached XP level 4. HP: 20/38 MP: 7/7
  1059 | D:3      | Found a sacrificial altar of Ru.
  1196 | D:3      | Reached skill level 5 in Maces & Flails
  1208 | D:3      | HP: 1/40 [gnoll/+0 spear (3)]
  1209 | D:3      | Reached XP level 5. HP: 2/46 MP: 8/8
  1209 | D:3      | Slain by a gnoll

Illustrated notes

Levels and vault maps discovered:
D:1:      sevenhm_arrival_forest_fort_large_2, layout_basic
D:2:      layout_loops_ring, uniq_sigmund
D:3:      minmay_bubble_buster, layout_basic, nicolae_ru_awakened_eye,
          shapermc_ecumenical_altar_mp_ritualfount

Skill      XL: |  1  2  3  4 |
---------------+-------------+-----
Fire Magic     | 4 |  4.4
Dodging        | 1 2 |  2.0
Maces & Flails | 5 |  5.0
Fighting       | |  3.8
Shields        | |  0.4
Spellcasting   | |  1.3

Action                     |  1- 3 |  4- 6 || total
---------------------------+-------+-------++-------
  Melee: Mace              |    74 |    30 ||   104
 Invoke: Fiery Armour      |     1 |     2 ||     3
    Use: Potion            |     1 |     2 ||     3
 Armour: Robe              |    25 |     9 ||    34
  Dodge: Dodged            |    32 |    23 ||    55
  Block: Other             |    23 |    14 ||    37
         Reflection        |       |     1 ||     1
